 Dungeon Crawl Stone Soup version 0.25.1-1-g288607f (webtiles) character file.

Game seed: 9988472066558048282

3531 RonnieColeman the Thaumaturge (level 10, -5/64 (65) HPs)
             Began as an Octopode Conjurer on Sept 14, 2020.
             Was a Believer of Kikubaaqudgha.
             Slain by an orc knight
             ... wielding a +0 halberd
              (24 damage)
             ... in a bailey.
             The game lasted 00:20:28 (9452 turns).

RonnieColeman the Thaumaturge (Octopode Conjurer)   Turns: 9452, Time: 00:20:34

HP:   -5/64 (65)    AC:  1    Str:  7    XL:     10   Next: 8%
MP:   18/32         EV: 17    Int: 24    God:    Kikubaaqudgha [**....]
Gold: 245           SH:  0    Dex: 15    Spells: 20/28 levels left

rFire    . . .     SeeInvis .   y - +1 whip "Xaihob" {venom, +Blink Int+3 Dex+2}
rCold    . . .     Gourm    .   (no shield)
rNeg     . . .     Faith    .   (helmet restricted)
rPois    .         Spirit   .   (no amulet)
rElec    .         Reflect  .   h - ring of protection from magic
rCorr    .         Harm     .   l - +4 ring of evasion
MR       +....                  d - ring of magical power
Stlth    +++.......             (no ring)
HPRegen  0.20/turn              (no ring)
MPRegen  0.23/turn              (no ring)
                                (no ring)
                                (no ring)

@: no status effects
A: almost no armour, stealthy swim, amphibious, 8 rings, constrict 8, camouflage
1, gelatinous body 1
a: Receive Corpses, Renounce Religion, Evoke Blink


You were in a bailey.
You worshipped Kikubaaqudgha.
Kikubaaqudgha was pleased with you.
You were not hungry.

You visited 2 branches of the dungeon, and saw 9 of its levels.
You also visited: Bailey.

You collected 245 gold pieces.

Inventory:

Hand Weapons
 o - a +5 trident
 y - the +1 whip "Xaihob" (weapon) {venom, +Blink Int+3 Dex+2}
   (You took it off a kobold on level 4 of the Dungeon)

   It poisons the flesh of those it strikes.
   It affects your intelligence (+3).
   It affects your dexterity (+2).
   It lets you blink.
Jewellery
 d - a ring of magical power (on tentacle)
 h - a ring of protection from magic (left tentacle)
 l - a +4 ring of evasion (right tentacle)
Wands
 n - a wand of clouds (7)
 p - a wand of acid (10)
 v - a wand of digging (8)
 w - a wand of paralysis (5)
 x - a wand of flame (12)
 z - a wand of disintegration (6)
Scrolls
 a - 3 scrolls of amnesia
 e - a scroll of identify
 f - a scroll of blinking
 i - a scroll of remove curse
 j - a scroll of enchant armour
 k - a scroll of random uselessness
 m - a scroll of teleportation
 u - 2 scrolls of fog
Potions
 c - 3 potions of brilliance
 g - 3 potions of heal wounds
 q - a potion of curing
 r - a potion of stabbing
 s - a potion of lignification {unknown}
Comestibles
 b - 13 rations
 t - 7 chunks of flesh


   Skills:
 + Level 4.7 Fighting
 - Level 2.0 Dodging
 - Level 2.6 Stealth
 * Level 9.8 Spellcasting
 + Level 8.4 Conjurations
 - Level 3.0 Earth Magic


You had 20 spell levels left.
You knew the following spells:

 Your Spells              Type           Power        Failure   Level  Hunger
a - Magic Dart            Conj           ####         1%          1    None
b - Searing Ray           Conj           ######       1%          2    None
e - Stone Arrow           Conj/Erth      #####.       1%          3    None
m - Sublimation of Blood  Necr           ##........   9%          2    None

Your spell library contained the following spells:

 Spells                   Type           Power        Failure   Level  Hunger
 Sandblast                Erth           ####..       1%          1    None
 Dazzling Flash           Conj/Hex       ####..       2%          3    None
 Passwall                 Tmut/Erth      ###.....     4%          2    None
 Pain                     Necr           ##..         5%          1    None
 Corpse Rot               Necr/Air       N/A          9%          2    None
 Fulminant Prism          Conj/Hex       ####......   10%         4    #......
 Iskenderun's Mystic Bla  Conj/Tloc      ####....     10%         4    #......
 Vampiric Draining        Necr           ##........   16%         3    None
 Petrify                  Tmut/Erth      ###.....     28%         4    #......
 Lee's Rapid Deconstruct  Erth           ####......   41%         5    ####...


Dungeon Overview and Level Annotations

Branches:
Dungeon (8/15)             Temple (1/1) D:4          Bailey (1/1)
   Lair: D:8-11

Altars:
Ashenzari
Cheibriados
Dithmenos
Elyvilon
Fedhas
Gozag
Hepliaklqana
Kikubaaqudgha
Makhleb
Nemelex Xobeh
Okawaru
Qazlal
Ru
Trog
Uskayaw
Vehumet
Wu Jian
Xom
Yredelemnul
Zin
The Shining One

Shops:
D:7 (=

Annotations:
D:7 3 runed translucent doors, Buxparty's ghost, novice DsGl


Innate Abilities, Weirdness & Mutations

You cannot wear most types of armour.
You are very stealthy in the water. (Stealth+)
You are amphibious.
You can wear up to eight rings at the same time.
You can use your tentacles to constrict eight enemies at once.
Your skin changes colour to match your surroundings (Stealth+).
Your rubbery body absorbs attacks. (AC +1, EV +1)


Message History

The searing ray hits the orc warrior!
The orc warrior is moderately wounded. (Press . to maintain the ray.)
The orc warrior hits you from afar with a +0 halberd!!
The searing ray hits the orc warrior!
The orc warrior is heavily wounded.
The orc knight hits you from afar with a +0 halberd!
* * * LOW HITPOINT WARNING * * *
The orc warrior barely misses you.
The searing ray hits the orc warrior!
The orc warrior is almost dead.
The orc knight roars a battlecry!
The orc knight goes into a battle-frenzy!
The searing ray hits the orc warrior!
You kill the orc warrior!
Kikubaaqudgha accepts your kill.
You finish channeling your searing ray.
The orc knight hits you from afar with a +0 halberd!!
You die...
Kikubaaqudgha rasps: "You have failed me!
Welcome... death!"

## ##### ##∩##
####
.....##...##....
.≈≈≈..#...#..≈≈≈
≈≈.≈≈.......≈≈o≈
≈.oo≈....)..≈oo
≈≈o≈≈..@.o..≈≈o
.≈≈≈..#...#..≈≈
..... #.∩.# .
#### ##∩## ###


You could see 3 orc knights, 2 orc warriors and 3 orcs.

Vanquished Creatures
  The ghost of Kave the Ruffian, a novice TrTm (D:4)
  A hippogriff (D:8)
  A steam dragon (D:7)
  Menkaure (D:6)
  A water moccasin (D:7)
  An orc warrior (Bailey)
  A sky beast (D:7)
  A necrophage (D:5)
  4 ogres
  4 centaurs
  4 bullfrogs
  2 water moccasin skeletons (D:6)
  3 scorpions
  3 wights (D:6)
  4 howler monkeys
  4 crimson imps
  2 jellies (D:5)
  A bullfrog skeleton (D:4)
  4 hounds
  2 centaur skeletons (D:4)
  4 orc priests
  2 orc wizards (D:5)
  3 iguanas
  Ijyb (D:3)
  3 worker ants
  2 hound skeletons (D:5)
  A howler monkey skeleton (D:4)
  5 adders
  2 shadow imps
  An ooze (D:1)
  2 adder skeletons (D:5)
  5 worms
  A dart slug (D:3)
  3 leopard geckos
  11 orcs
  3 ball pythons
  11 bats
  5 giant cockroaches
  11 goblins
  5 hobgoblins
  9 jackals (D:7)
  8 quokkas
  3 frilled lizards
  A jackal skeleton (D:5)
  17 kobolds
  8 rats
172 creatures vanquished.

Notes
Turn   | Place    | Note
-------+----------+-------------------------------------------
     0 | D:1      | RonnieColeman the Octopode Conjurer began the quest for the
                  | Orb.
     0 | D:1      | Reached XP level 1. HP: 11/11 MP: 3/3
   152 | D:1      | Reached XP level 2. HP: 17/17 MP: 5/5
   560 | D:1      | Reached XP level 3. HP: 16/21 MP: 0/7
   567 | D:1      | Learned a level 2 spell: Searing Ray
   963 | D:1      | Reached skill level 3 in Spellcasting
  1204 | D:2      | Found a shattered altar of Ashenzari.
  1206 | D:2      | Found a glowing silver altar of Zin.
  1208 | D:2      | Found a shimmering altar of Xom.
  1532 | D:2      | You fall into a shaft and drop 2 floors!
  1552 | D:4      | Reached XP level 4. HP: 26/27 MP: 2/9
  1555 | D:4      | Noticed an ogre
  1650 | D:4      | Killed an ogre
  1650 | D:4      | Reached skill level 4 in Spellcasting
  1650 | D:4      | Reached XP level 5. HP: 31/31 MP: 2/11
  1749 | D:4      | Reached skill level 5 in Conjurations
  1810 | D:4      | Found a runed translucent gate.
  1969 | D:3      | Found a basalt altar of Yredelemnul.
  1973 | D:3      | Reached XP level 6. HP: 36/36 MP: 6/13
  2450 | D:3      | Noticed Ijyb
  2460 | D:3      | Killed Ijyb
  2789 | D:2      | Reached skill level 5 in Spellcasting
  2811 | D:2      | Found a sacrificial altar of Ru.
  3456 | D:4      | Found a staircase to the Ecumenical Temple.
  3555 | D:4      | Reached XP level 7. HP: 40/41 MP: 4/15
  3584 | Temple   | Entered the Ecumenical Temple
  3767 | Temple   | Became a worshipper of Kikubaaqudgha
  3949 | D:4      | Found a runed translucent gate.
  3952 | D:4      | Found a runed translucent gate.
  3952 | D:4      | Noticed Kave's ghost (novice TrTm)
  3952 | D:4      | Identified the cursed +1 whip "Xaihob" {venom, +Blink Int+3
                  | Dex+2}
  4021 | D:5      | Entered Level 5 of the Dungeon
  4296 | D:5      | Found a shadowy altar of Dithmenos.
  4332 | D:5      | Reached skill level 6 in Spellcasting
  4784 | D:5      | Reached XP level 8. HP: 46/46 MP: 15/18
  5074 | D:5      | Reached skill level 7 in Spellcasting
  5343 | D:5      | Reached * piety under Kikubaaqudgha
  5343 | D:5      | Identified Kikubaaqudgha's Handbook of Unholy Rituals
                  | (Kikubaaqudgha gifted it to you on level 5 of the Dungeon)
  5343 | D:5      | Received a gift from Kikubaaqudgha
  5355 | D:5      | Learned a level 2 spell: Sublimation of Blood
  5359 | D:5      | Learned a level 3 spell: Stone Arrow
  5485 | D:6      | Reached skill level 1 in Earth Magic
  5625 | D:6      | Reached skill level 1 in Fighting
  5748 | D:6      | Noticed Menkaure
  5752 | D:6      | Killed Menkaure
  6062 | D:6      | Reached skill level 8 in Spellcasting
  6065 | D:6      | Reached XP level 9. HP: 48/53 MP: 15/21
  7186 | D:4      | Reached ** piety under Kikubaaqudgha
  7219 | D:4      | Killed Kave's ghost
  7631 | D:7      | Found a basalt altar of Yredelemnul.
  7661 | D:7      | Reached skill level 9 in Spellcasting
  7716 | D:7      | Noticed Buxparty's ghost (novice DsGl)
  7804 | D:7      | Found a runed translucent gate.
  7804 | D:7      | Found a runed translucent gate.
  7804 | D:7      | Found a runed translucent gate.
  7809 | D:7      | Found Fuemah's Antique Weapon Emporium.
  8666 | D:7      | Found Pets's Jewellery Emporium.
  9328 | D:8      | Reached XP level 10. HP: 42/64 MP: 23/23
  9415 | D:8      | Found a flagged portal.
  9439 | Bailey   | Entered a bailey
  9439 | Bailey   | Noticed an orc knight
  9443 | Bailey   | Noticed an orc knight
  9445 | Bailey   | Noticed an orc knight
  9452 | Bailey   | Slain by an orc knight

Illustrated notes

Levels and vault maps discovered:
D:1:      lemuel_arrival_cross, layout_basic
D:2:      layout_rooms, grunt_temple_overflow_open,
          nicolae_ru_sacrificial_ziggurat
D:3:      layout_loops_ring, lemuel_crystal_altar, first_ration, minmay_between,
          uniq_ijyb
D:4:      layout_cave_pools, minmay_temple_entry_slanted,
          gammafunk_ghost_nasty_kobolds, minmay_ruptured
D:5:      layout_basic, nicolae_dithmenos_through_a_glass_darkly
D:6:      layout_basic, uniq_menkaure
D:7:      layout_basic, gammafunk_ghost_split, basic_altar, serial_shops,
          nicolae_shop_crystal, nicolae_shop_overgrown_old_shop
D:8:      layout_gridville, enter_bailey_3
Temple:   nicolae_temple_elliptical
Bailey:   bailey_polearm_4, bailey

Skill      XL: |  1  2  3  4  5  6  7  8  9 |
---------------+----------------------------+-----
Spellcasting   | 3 4 5 6 8 9 |  9.8
Conjurations   | 5 6 7 8 |  8.4
Earth Magic    | 3 |  3.0
Fighting       | 2 4 |  4.7
Dodging        | |  2.0
Stealth        | |  2.6

Action                   |  1- 3 |  4- 6 |  7- 9 | 10-12 || total
-------------------------+-------+-------+-------+-------++-------
Melee: Unarmed           |    31 |       |       |       ||    31
       Constrict         |    15 |    15 |    30 |     3 ||    63
       Tentacles         |     7 |     3 |    17 |     2 ||    29
       Club              |     7 |       |       |       ||     7
       Short sword       |    25 |    27 |       |       ||    52
       Dagger            |     7 |       |       |       ||     7
       Trident           |       |    31 |    87 |       ||   118
       Whip              |       |       |    56 |    12 ||    68
 Cast: Magic Dart        |    15 |    14 |    20 |     2 ||    51
       Searing Ray       |     2 |    13 |    42 |     5 ||    62
  Use: Scroll            |       |     8 |     9 |       ||    17
       Potion            |       |     2 |       |       ||     2
 Stab: Sleeping          |     7 |    10 |     9 |       ||    26
       Distracted        |       |       |     2 |       ||     2
  Eat: Chunk             |     1 |     6 |    19 |     1 ||    27
Armor: Skin              |     8 |     3 |     5 |     1 ||    17
Dodge: Dodged            |    63 |    36 |   113 |    15 ||   227
